 Dungeon Crawl Stone Soup version 0.26.1-11-gd32895ea62 (webtiles) character file.

Game seed: 12303115646278855935

5320 Ijustatesigmund the Cleaver (level 10, -1/71 HPs)
             Began as an Octopode Fighter on July 1, 2021.
             Killed from afar by an electric eel (11 damage)
             ... with a bolt of electricity
             ... on level 8 of the Dungeon.
             The game lasted 00:19:21 (12370 turns).

Ijustatesigmund the Cleaver (Octopode Fighter)     Turns: 12370, Time: 00:19:23

Health: -1/71      AC:  2    Str: 15 (16) XL:     10   Next: 64%
Magic:  10/10      EV: 14    Int: 12 (13) God:
Gold:   564        SH: 10    Dex:  9 (12) Spells: 9/9 levels left

rFire    . . .     SeeInvis .   a - +0 war axe
rCold    . . .     Faith    .   b - +0 kite shield
rNeg     . . .     Spirit   .   n - +1 hat {Will+}
rPois    .         Reflect  .   (no amulet)
rElec    .         Harm     .   k - ring of willpower
rCorr    .         Rampage  .   (no ring)
Will     ++...                  (no ring)
Stlth    ++++......             (no ring)
HPRegen  0.21/turn              (no ring)
MPRegen  0.12/turn              (no ring)
                                (no ring)
                                (no ring)

@: no status effects
A: almost no armour, stealthy swim, amphibious, 8 rings, constrict 8, camouflage
1, gelatinous body 1
a: no special abilities


You were on level 8 of the Dungeon.
You visited 2 branches of the dungeon, and saw 9 of its levels.
You also visited: Sewer.

You collected 564 gold pieces.

Inventory:

Hand Weapons
 a - a +0 war axe (weapon)
 x - a +4 mace
Armour
 b - a +0 kite shield (worn)
 l - a +2 hat
 n - a +1 hat of willpower (worn)
Jewellery
 k - a ring of willpower (left tentacle)
 A - an uncursed ring of poison resistance {unknown}
Wands
 w - a wand of polymorph (2)
 y - a wand of digging (7)
Scrolls
 g - a scroll of fear
 h - 3 scrolls of remove curse
 i - 2 scrolls of teleportation
 o - 3 scrolls of immolation
 p - 2 scrolls of fog
 r - 5 scrolls of identify
 t - a scroll of blinking
 u - 2 scrolls of amnesia
Potions
 d - a potion of resistance
 j - 3 potions of flight
 q - a potion of invisibility
 v - 2 potions of attraction


   Skills:
 + Level 7.4 Fighting
 + Level 8.3 Axes
 + Level 7.0 Dodging
 - Level 5.3 Stealth
 + Level 7.1 Shields
 + Level 6.0 Evocations


You had 9 spell levels left.
You didn't know any spells.
Your spell library contained the following spells:

 Spells                   Type           Power        Failure   Level
 Magic Dart               Conj           0%           65%         1
 Blink                    Tloc           N/A          80%         2
 Call Imp                 Summ           0%           80%         2
 Slow                     Hex            0%           80%         2
 Confusing Touch          Hex            0%           95%         3
 Conjure Flame            Conj/Fire      0%           95%         3
 Gell's Gravitas          Tloc           0%           95%         3
 Mephitic Cloud           Conj/Pois/Air  0%           95%         3
 Petrify                  Tmut/Erth      0%           100%        4
 Metabolic Englaciation   Hex/Ice        0%           100%        5
 Yara's Violent Unravell  Hex/Tmut       0%           100%        5


Dungeon Overview and Level Annotations

Branches:
Dungeon (8/15)             Temple (0/1) D:5            Lair (1/6) D:8
  Sewer (visited)

Altars:
Gozag
Kikubaaqudgha
Nemelex Xobeh
Okawaru
Vehumet

Annotations:
D:3 Natasha
D:7 3 runed translucent doors, Almogavar's ghost, novice HOFi; ciphuk's ghost, novice VSBr
D:8 4 runed translucent doors


Innate Abilities, Weirdness & Mutations

You cannot wear most types of armour.
You are very stealthy in the water. (Stealth+)
You are amphibious.
You can wear up to eight rings at the same time.
You can use your tentacles to constrict eight enemies at once.
Your skin changes colour to match your surroundings (Stealth+).
Your rubbery body absorbs attacks. (AC +1, EV +1)


Message History

The bolt of electricity hits you! The bullfrog hits you.
You hit the bullfrog but do no damage. You grab the bullfrog.
You hit the jackal.
You kill the jackal!
You barely miss the electric eel. You constrict the bullfrog.
The electric eel shoots out a bolt of lightning at you!
The bolt of electricity hits you! The bullfrog barely misses you.
The electric eel shoots out a bolt of lightning at you!
The bolt of electricity hits you. The bolt of electricity hits you!
* * * LOW HITPOINT WARNING * * *
The bolt of electricity hits the electric eel.
The electric eel completely resists.
You closely miss the electric eel. Your grab misses the electric eel.
You hit the jackal. You slash the bullfrog! You constrict the bullfrog.
The bullfrog hits you!
* * * LOW HITPOINT WARNING * * *
The jackal barely misses you.
The electric eel shoots out a bolt of lightning at you!
The bolt of electricity hits you!
You die...

###### ##≈≈≈≈##
##≈≈;≈≈≈### ##≈≈;>.≈≈≈h.
##≈≈≈@h..≈≈≈.
#≈≈≈.8Fc8.≈≈≈.#
##≈≈8##cZ##8≈≈..#
#≈≈≈##....##≈≈≈.#
#≈≈##......##≈≈.#
#≈≈#..####..#≈≈.#######
##≈≈#..# #..#≈≈........
#.≈≈#..# #..#≈≈#....#
#.≈≈#.O#+##..#≈≈..#..###


You could see a centaur warrior, a bullfrog, a centaur, 2 electric eels, 2
jackals and a howler monkey skeleton.

Vanquished Creatures
  A two-headed ogre (D:6)
  A black mamba (D:8)
  A rime drake (D:8)
  2 wyverns (D:8)
  3 yaks (D:8)
  A basilisk (D:8)
  Duvessa (D:4)
  4 water moccasins (D:8)
  3 orc warriors
  An ice beast (D:6)
  2 phantoms
  A sky beast (D:7)
  2 ogres
  2 centaurs
  A big kobold (D:8)
  2 bullfrogs
  A gnoll sergeant (D:8)
  Dowan (D:4)
  5 wights
  3 howler monkeys (D:8)
  A centaur zombie (D:6)
  A quasit (D:7)
  A hound (D:6)
  2 jellies
  6 orc priests
  A bullfrog skeleton (D:4)
  8 orc wizards
  3 iguanas
  Natasha (twice) (D:3)
  4 worker ants
  A hound zombie (D:5)
  A worker ant zombie (D:5)
  A howler monkey skeleton (D:6)
  8 adders
  5 gnolls (D:8)
  A shadow imp (D:6)
  3 oozes
  A worm (D:2)
  8 leopard geckos
  23 orcs
  7 ball pythons
  8 bats
  16 giant cockroaches
  4 goblins
  10 hobgoblins
  13 jackals
  A quokka (D:7)
  10 frilled lizards
  13 kobolds
  A quokka skeleton (D:5)
  7 rats
209 creatures vanquished.

Vanquished Creatures (others)
  4 bushes (D:8)
  6 fungi (D:8)
  22 plants
  6 withered plants (D:7)
38 creatures vanquished.

Grand Total: 247 creatures vanquished

Notes
Turn   | Place    | Note
-------+----------+-------------------------------------------
     0 | D:1      | Ijustatesigmund the Octopode Fighter began the quest for
                  | the Orb.
     0 | D:1      | Reached XP level 1. HP: 16/16 MP: 1/1
   101 | D:1      | Reached XP level 2. HP: 14/21 MP: 2/2
   692 | D:2      | Reached XP level 3. HP: 26/26 MP: 3/3
  1023 | D:2      | Reached skill level 1 in Stealth
  1168 | D:2      | Reached skill level 3 in Axes
  1168 | D:2      | Reached XP level 4. HP: 17/32 MP: 4/4
  1833 | D:3      | Noticed Natasha
  1840 | D:3      | Killed Natasha
  1895 | D:3      | Found a radiant altar of Vehumet.
  1974 | D:3      | Found a glowing drain.
  1976 | D:3      | Reached XP level 5. HP: 37/37 MP: 5/5
  1985 | Sewer    | Entered a sewer
  2023 | Sewer    | Noticed Purgy
  2722 | D:3      | Noticed Natasha
  2727 | D:3      | Killed Natasha
  2870 | D:3      | Reached skill level 4 in Axes
  3081 | D:3      | Noticed Natasha
  3203 | D:4      | Noticed a phantom
  3404 | D:4      | Killed a phantom
  3405 | D:4      | Reached XP level 6. HP: 31/43 MP: 6/6
  3552 | D:4      | Found a sparkling altar of Nemelex Xobeh.
  4127 | D:5      | Entered Level 5 of the Dungeon
  4127 | D:5      | Found an ancient bone altar of Kikubaaqudgha.
  4176 | D:5      | Noticed Duvessa
  4176 | D:5      | Noticed Dowan
  4182 | D:5      | Found a staircase to the Ecumenical Temple.
  4200 | D:4      | Killed Dowan
  4202 | D:4      | Killed Duvessa
  4203 | D:4      | Reached skill level 5 in Axes
  4203 | D:4      | Reached XP level 7. HP: 30/48 MP: 7/7
  4543 | D:5      | Found an opulent altar of Gozag.
  4652 | D:5      | Found an iron altar of Okawaru.
  4776 | D:5      | Reached skill level 5 in Stealth
  5196 | D:6      | Reached skill level 6 in Axes
  5196 | D:6      | Reached XP level 8. HP: 18/54 MP: 8/8
  5646 | D:6      | Reached skill level 1 in Evocations
  6053 | D:6      | Reached skill level 5 in Fighting
  7246 | D:6      | Reached skill level 5 in Shields
  7394 | D:6      | Found a sparkling altar of Nemelex Xobeh.
  7394 | D:6      | Noticed a two-headed ogre
  7406 | D:6      | Killed a two-headed ogre
  7407 | D:6      | Reached skill level 7 in Axes
  7407 | D:6      | Reached skill level 5 in Dodging
  7407 | D:6      | Reached XP level 9. HP: 19/62 MP: 9/9
  8761 | D:7      | Found a runed translucent gate.
  8762 | D:7      | Found a runed translucent gate.
  8763 | D:7      | Found a runed translucent gate.
  8764 | D:7      | Noticed Almogavar's ghost (novice HOFi)
  8765 | D:7      | Noticed ciphuk's ghost (novice VSBr)
  9482 | D:8      | Found a huge runed translucent gate.
  9482 | D:8      | Found a huge runed translucent gate.
  9483 | D:8      | Found a huge runed translucent gate.
  9483 | D:8      | Noticed a polar bear
  9484 | D:8      | Found a huge runed translucent gate.
  9484 | D:8      | Noticed a polar bear
  9484 | D:8      | Noticed a polar bear
  9484 | D:8      | Noticed a polar bear
  9484 | D:8      | Noticed a polar bear
  9484 | D:8      | Noticed a polar bear
  9485 | D:8      | Noticed a polar bear
  9486 | D:8      | Noticed a polar bear
  9486 | D:8      | Noticed a death yak
  9486 | D:8      | Noticed a polar bear
  9537 | D:8      | Reached XP level 10. HP: 11/69 MP: 10/10
  9671 | D:8      | Reached skill level 5 in Evocations
 10337 | D:8      | Reached skill level 8 in Axes
 10698 | D:8      | Noticed a black mamba
 10698 | D:8      | a basilisk changed into a black mamba
 10711 | D:8      | Killed a black mamba
 10712 | D:8      | HP: 3/71 [iguana (11)]
 11411 | D:8      | Found a staircase to the Lair.
 11801 | Lair:1   | Entered Level 1 of the Lair of Beasts
 11912 | Lair:1   | HP: 2/71 [orc priest/divine providence (16)]
 12305 | D:8      | Noticed a centaur warrior
 12370 | D:8      | Killed from afar by an electric eel

Illustrated notes

Levels and vault maps discovered:
D:1:      elethiomel_arrival_quiet, layout_basic
D:2:      layout_basic
D:3:      layout_loops_corners, vehumet_crystals, gup_sewer_entry_pipe,
          uniq_natasha
D:4:      layout_cave_pools, lemuel_crystal_altar, kennysheep_donut,
          saegor_snake_ambush
D:5:      layout_rooms, nicolae_gozag_cash_rules_everything_around_me,
          okawaru_altar_gauntlet_db, minmay_temple_entry_glassed_door,
          basic_altar, uniq_duvessa
D:6:      layout_basic, nemelex_diamond_rough_becter
D:7:      layout_loops_corners, gammafunk_ghost_cemetery
D:8:      lemuel_bear_cage, layout_loops_ring, nicolae_overflow_hidden_temple,
          minmay_lair_entry_grove, mrwooster_statue_mirror, grunt_ministairs_2,
          kennysheep_island_fort
Lair:1:   layout_cave_pods, serial_bayou_shore_b, uniq_grum, uniq_gastronok

Skill      XL: |  1  2  3  4  5  6  7  8  9 10 |
---------------+-------------------------------+-----
Stealth        | 1 3 4 5 |  5.3
Axes           | 3 4 5 6 7 8 |  8.3
Fighting       | 4 5 6 7 |  7.4
Shields        | 4 5 6 7 |  7.1
Dodging        | 5 6 7 |  7.0
Evocations     | 3 4 6 |  6.0

Action                   |  1- 3 |  4- 6 |  7- 9 | 10-12 || total
-------------------------+-------+-------+-------+-------++-------
Melee: War axe           |    60 |   117 |   230 |    81 ||   488
       Constrict         |    16 |    27 |    46 |    12 ||   101
       Tentacles         |     9 |    17 |    39 |    17 ||    82
Evoke: Wand              |       |       |    13 |    10 ||    23
  Use: Scroll            |       |    14 |     4 |       ||    18
       Potion            |       |     4 |     5 |     9 ||    18
 Stab: Sleeping          |     4 |    15 |    12 |       ||    31
       Paralysed         |       |       |     9 |       ||     9
       Distracted        |       |       |     1 |       ||     1
Armor: Skin              |    11 |    21 |    13 |    19 ||    64
Dodge: Dodged            |    25 |    49 |   103 |    42 ||   219
Block: Kite shield       |    30 |    64 |   115 |    48 ||   257
